 Dungeon Crawl Stone Soup version 0.20-a0-864-g92acfd1 (webtiles) character file.

2030 nikopol the Cleaver (level 9, -9/81 HPs)
             Began as a Minotaur Berserker on Mar 12, 2017.
             Was a Priest of Trog.
             Mangled by an orc warrior
             ... wielding a +0 glaive
              (20 damage)
             ... on level 7 of the Dungeon.
             The game lasted 00:14:46 (5397 turns).

nikopol the Cleaver (Minotaur Berserker)            Turns: 5397, Time: 00:14:47

Health: -9/81      AC:  9    Str: 24    XL:     9   Next: 3%
Magic:  8/8        EV: 14    Int:  4    God:    Trog [***...]
Gold:   416        SH:  0    Dex: 15    Spells: 8/8 levels left

rFire    . . .     SeeInvis .   a - +0 hand axe
rCold    . . .     Gourm    .   k - +0 scale mail
rNeg     . . .     Faith    .   (no shield)
rPois    .         Spirit   .   (helmet restricted)
rElec    .         Reflect  .   j - +0 cloak
rCorr    .         Harm     .   (no gloves)
MR       .....                  (no boots)
Stlth    +.........             (no amulet)
Regen    0.3/turn               i - +4 ring of dexterity
MPRegen  0.2/turn               C - ring of stealth

@: no status effects
A: retaliatory headbutt, horns 2
a: Berserk, Trog's Hand, Burn Spellbooks, Renounce Religion


You were on level 7 of the Dungeon.
You worshipped Trog.
Trog was most pleased with you.
You were near starving.

You visited 1 branch of the dungeon, and saw 7 of its levels.

You collected 416 gold pieces.

Inventory:

Hand Weapons
 a - a +0 hand axe (weapon)
 H - a cursed +0 war axe
Missiles
 w - 53 arrows (quivered)
Armour
 j - a +0 cloak (worn)
 k - a +0 scale mail (worn)
Jewellery
 i - a +4 ring of dexterity (right hand)
 C - a ring of stealth (left hand)
Wands
 f - a wand of flame (21/48)
 q - a wand of flame (38/48)
 y - a wand of iceblast (9/15)
 G - a wand of iceblast (4/15)
Scrolls
 b - a scroll of fear {unknown}
 d - 3 scrolls of identify
 h - 5 scrolls of enchant weapon {unknown}
 l - 3 scrolls of teleportation {unknown}
 o - a scroll of random uselessness {unknown}
 r - 4 scrolls of recharging {unknown}
 s - 3 scrolls of amnesia {unknown}
 t - 4 scrolls of remove curse
 B - a scroll of enchant armour {unknown}
 D - a scroll of magic mapping {unknown}
Potions
 e - a potion of curing
 g - 2 potions of haste
 n - 2 potions of brilliance
 p - a potion of berserk rage {unknown}
 v - 2 potions of agility
 x - 2 potions of invisibility
 z - a potion of degeneration {unknown}
 A - a potion of resistance {unknown}
 E - a potion of flight {unknown}
 F - a potion of lignification {unknown}
Comestibles
 c - 3 bread rations
 m - 5 royal jellies
 u - 4 meat rations


   Skills:
 + Level 8.0 Fighting
 + Level 8.1 Axes
 + Level 7.2 Armour
 + Level 6.8 Dodging


You had 8 spell levels left.
You didn't know any spells.

Dungeon Overview and Level Annotations

Branches:
Dungeon (7/15)
 Temple: D:4-7

Altars:
Dithmenos
Fedhas
Gozag
Hepliaklqana
Kikubaaqudgha
Okawaru
Qazlal
Sif Muna
Trog
Wu Jian
The Shining One

Shops:
D:5 *


Innate Abilities, Weirdness & Mutations

You reflexively headbutt those who attack you in melee.
You have a pair of horns on your head.


Message History

You barely miss the orc priest.
The orc priest calls upon Beogh to heal the orc warrior.
The orc warrior's wounds heal themselves!
You hit the orc warrior.
You headbutt the orc warrior, but do no damage.
The orc warrior is lightly wounded.
You hit the orc priest.
You kill the orc priest!
Trog accepts your kill.
Your Fighting skill increases to level 8!
The orc warrior hits you with a glaive!
* * * LOW HITPOINT WARNING * * *
You hit the orc warrior. Your headbutt misses the orc warrior.
The orc warrior is moderately wounded.
The orc warrior misses you. You furiously retaliate!
You headbutt the orc warrior! You barely miss the orc warrior.
You headbutt the orc warrior.
The orc warrior is severely wounded.
The orc warrior hits you with a glaive!!
You die...

#........... ...#..
#..........###.....
#..................
#..........###..... #
##................#.
..###..#.........##.....
........................
#......)....<........###
#....o@......(......#
#.....)...........#.#
≈..#.####.........##.# §
# #............#
#..##.......###
...###.......# .##
#.......# #.....


You could see an orc warrior.

Vanquished Creatures
  Pikel (D:4)
  The ghost of nikopol the Thaumaturge, a novice DEFE of Vehumet (D:7)
  2 slaves (D:4)
  A black bear (D:5)
  The ghost of Yehuk the Sneak, an amateur SpAs (D:3)
  3 bullfrogs
  A scorpion (D:6)
  A howler monkey (D:5)
  A crimson imp (D:6)
  A bullfrog zombie (D:5)
  4 hounds
  A bullfrog skeleton (D:7)
  3 orc wizards
  2 orc priests
  An iguana (D:5)
  A worker ant (D:5)
  A killer bee zombie (D:5)
  A hound zombie (D:6)
  6 adders
  7 gnolls
  2 shadow imps (D:7)
  2 oozes
  An adder zombie (D:1)
  3 worms
  2 leopard geckos
  17 orcs
  2 ball pythons (D:4)
  2 giant cockroaches
  6 goblins
  3 hobgoblins
  10 jackals
  2 quokkas
  A ball python zombie (D:1)
  3 bats
  A frilled lizard (D:4)
  6 kobolds
  2 leopard gecko skeletons (D:4)
  8 rats
113 creatures vanquished.

Notes
Turn   | Place    | Note
-------+----------+-------------------------------------------
     0 | D:1      | nikopol the Minotaur Berserker began the quest for the Orb.
     0 | D:1      | Reached XP level 1. HP: 19/19 MP: 0/0
   468 | D:1      | Reached XP level 2. HP: 27/27 MP: 1/1
  1029 | D:2      | Reached XP level 3. HP: 32/33 MP: 2/2
  1146 | D:2      | Found a shadowy altar of Dithmenos.
  1347 | D:2      | Found a hazy altar of Hepliaklqana.
  1348 | D:2      | Found a glowing golden altar of the Shining One.
  1422 | D:2      | Reached ** piety under Trog
  1696 | D:2      | Found a deep blue altar of Sif Muna.
  1876 | D:3      | Reached XP level 4. HP: 30/40 MP: 3/3
  1956 | D:3      | Found a blossoming altar of Fedhas.
  2005 | D:3      | Found a bloodstained altar of Trog.
  2084 | D:3      | Noticed Yehuk's ghost (amateur SpAs)
  2091 | D:3      | Killed Yehuk's ghost
  2091 | D:3      | Reached skill level 5 in Axes
  2091 | D:3      | Reached XP level 5. HP: 47/47 MP: 4/4
  2602 | D:4      | Reached *** piety under Trog
  2717 | D:4      | Noticed a slave
  2718 | D:4      | Noticed a slave
  2719 | D:4      | Noticed Pikel
  2721 | D:4      | Noticed a slave
  2723 | D:4      | Killed a slave
  2724 | D:4      | Noticed a slave
  2734 | D:4      | Killed a slave
  2736 | D:4      | Killed Pikel
  2736 | D:4      | Reached skill level 5 in Fighting
  2736 | D:4      | Reached skill level 5 in Armour
  2736 | D:4      | Reached XP level 6. HP: 38/57 MP: 5/5
  2736 | D:4      | Reached XP level 7. HP: 41/62 MP: 6/6
  3241 | D:5      | Entered Level 5 of the Dungeon
  3248 | D:5      | Reached skill level 5 in Dodging
  3262 | D:5      | Found Xeawk's General Store.
  3335 | D:5      | Found an iron altar of Okawaru.
  3485 | D:5      | Found an opulent altar of Gozag.
  3531 | D:5      | Found an ornate altar of the Wu Jian Council.
  4156 | D:5      | Reached XP level 8. HP: 71/71 MP: 7/7
  4511 | D:6      | Found a stormy altar of Qazlal.
  4559 | D:6      | Got a twisted spear
  4560 | D:6      | Identified the cursed +1 spear of the Past {distort, MP+9 Str+3 Int+2} (You found it on level 6 of the Dungeon)
  5182 | D:7      | Noticed nikopol's ghost (novice DEFE)
  5199 | D:7      | Killed nikopol's ghost
  5330 | D:7      | Found an ancient bone altar of Kikubaaqudgha.
  5376 | D:7      | Reached XP level 9. HP: 77/81 MP: 8/8
  5397 | D:7      | Mangled by an orc warrior

Vault maps used:
D:1:      saegor_arrival_fortress
D:2:      nicolae_overflow_hidden_temple, marbit_many_paths, lemuel_round_altar,
          led_sif_pool
D:3:      lemuel_doored_altar, lemuel_coloured_pillars_altar, first_bread
D:4:      uniq_pikel
D:5:      black_bear_nest_1, nicolae_overflow_crystal_walls,
          nicolae_gozag_cash_rules_everything_around_me, kennysheep_little_box,
          serial_shops, nicolae_shop_behind_doors, hangedman_decor_points
D:6:      lemuel_upstairs_altar, kennysheep_mini_moat, kennysheep_pointless_box
D:7:      lemuel_crystal_altar, minmay_temple_entry_mist

Skill      XL: |  1  2  3  4  5  6  7  8  9 |
---------------+----------------------------+-----
Fighting       | 4 5 6 7 8 |  8.0
Axes           | 4 5 6 8 |  8.1
Armour         | 3 5 7 |  7.2
Dodging        | 3 4 5 6 |  6.8

Action                   |  1- 3 |  4- 6 |  7- 9 || total
-------------------------+-------+-------+-------++-------
Melee: Hand axe          |    57 |    82 |   149 ||   288
       Headbutt          |     7 |    17 |    36 ||    60
Invok: Berserk           |       |     2 |     2 ||     4
       Burn Spellbooks   |       |       |     1 ||     1
  Use: Scroll            |     2 |       |     6 ||     8
  Eat: Chunk             |     2 |     5 |     9 ||    16
Armor: Leather armour    |     4 |       |       ||     4
       Scale mail        |    12 |    34 |    51 ||    97
Dodge: Dodged            |    29 |    61 |   106 ||   196
Block: Shield            |     1 |       |       ||     1
